 Dungeon Crawl Stone Soup version 0.20.1-1-g8b1a95d (webtiles) character file.

538 Grimoiregrey the Chopper (level 7, -4/61 HPs)
             Began as a Hill Orc Fighter on Jan 18, 2018.
             Slain by a sky beast (6 damage)
             ... on level 5 of the Dungeon.
             The game lasted 00:33:46 (2701 turns).

Grimoiregrey the Chopper (Hill Orc Fighter)         Turns: 2701, Time: 00:33:47

Health: -4/61      AC:  7    Str: 20    XL:     7   Next: 26%
Magic:  7/7        EV:  8    Int: 10    God:
Gold:   184        SH:  9    Dex: 11    Spells: 6/6 levels left

rFire    . . .     SeeInvis .   a - +3 war axe
rCold    . . .     Gourm    .   c - +0 shield
rNeg     . . .     Faith    .   b - +0 scale mail
rPois    .         Spirit   .   (no helmet)
rElec    .         Reflect  .   (no cloak)
rCorr    .         Harm     .   (no gloves)
MR       .....                  (no boots)
Stlth    ..........             (no amulet)
Regen    0.2/turn               e - +2 ring of intelligence
MPRegen  0.1/turn               (no ring)

@: no status effects
A: no striking features
a: no special abilities


You were on level 5 of the Dungeon.
You were not hungry.

You visited 1 branch of the dungeon, and saw 5 of its levels.

You collected 184 gold pieces.

Inventory:

Hand Weapons
 a - a +3 war axe (weapon)
Missiles
 k - 64 bolts
 l - 6 needles of sleeping
Armour
 b - a +0 scale mail (worn)
 c - a +0 shield (worn)
 h - a +0 scale mail
Jewellery
 e - a +2 ring of intelligence (left hand)
 q - an uncursed amulet of faith
Wands
 s - a wand of flame (33/48)
 t - a wand of iceblast (3/15)
 u - a wand of random effects (24/48)
Scrolls
 g - 2 scrolls of fog
 m - a scroll of teleportation
 o - a scroll of identify
 p - 2 scrolls of blinking
Potions
 d - a potion of might
 i - 2 potions of brilliance
 j - 2 potions of mutation {unknown}
 r - 2 potions of haste {unknown}
Comestibles
 f - 4 bread rations


   Skills:
 + Level 5.1 Fighting
 + Level 7.4 Axes
 + Level 4.4 Armour
 + Level 1.1 Dodging
 + Level 0.1 Stealth
 + Level 4.2 Shields


You had 6 spell levels left.
You didn't know any spells.

Dungeon Overview and Level Annotations

Branches:
Dungeon (5/15)             Temple (0/1) D:5

Altars:
Cheibriados
Dithmenos
Fedhas
Makhleb
Ru
Uskayaw
Xom


Message History

Something hits you but does no damage. You block something's attack.
You miss something. Something hits you but does no damage.
You hit something. Something hits you.
* * * LOW HITPOINT WARNING * * *
Something shocks you.
* * * LOW HITPOINT WARNING * * *
You barely miss something. You block something's attack.
You barely miss something. Something hits you but does no damage.
You closely miss something. Something hits you.
* * * LOW HITPOINT WARNING * * *
Something shocks you.
* * * LOW HITPOINT WARNING * * *
Something hits you but does no damage.
You don't know any spells.
You closely miss something. Something hits you but does no damage.
You barely miss something. Something hits you but does no damage.
You closely miss something. Something hits you.
* * * LOW HITPOINT WARNING * * *
Something shocks you.
You die...

#.# #.# . ### #.#
.###.. ##.#### ..##.#
......# #.##.## ##.##.#
#..... ##....# #.##.#
...##.#######.##.#
...............{@#
##.#..######.≈####
......# #..# ...#.##
#........ #.. ...#.#
#...###.# #..# .....#
#...# #.##....... .
#.#### #...#
#.......#.#.# ..#
#####...###.##.#....#.#
.####
......................


There were no monsters in sight!

Vanquished Creatures
  Menkaure (D:5)
  A centaur (D:5)
  A scorpion (D:4)
  A crimson imp (D:5)
  2 hounds
  A jelly (D:5)
  A worker ant (D:4)
  2 hound skeletons (D:4)
  4 adders
  An ooze (D:1)
  A worm (D:2)
  3 dart slugs
  2 leopard geckos (D:2)
  An orc (D:3)
  A ball python (D:1)
  2 giant cockroaches
  9 goblins
  5 hobgoblins
  5 jackals
  3 quokkas
  6 bats
  5 frilled lizards
  9 kobolds
  9 rats
76 creatures vanquished.

Notes
Turn   | Place    | Note
-------+----------+-------------------------------------------
     0 | D:1      | Grimoiregrey the Hill Orc Fighter began the quest for the Orb.
     0 | D:1      | Reached XP level 1. HP: 19/19 MP: 1/1
   185 | D:1      | Reached XP level 2. HP: 26/27 MP: 2/2
   300 | D:1      | Reached skill level 3 in Axes
   524 | D:1      | Reached XP level 3. HP: 33/33 MP: 3/3
   810 | D:2      | Found a deep blue altar of Sif Muna.
   817 | D:2      | Found a sacrificial altar of Ru.
   817 | D:2      | Found a shimmering altar of Xom.
   819 | D:2      | Found a sparkling altar of Nemelex Xobeh.
   819 | D:2      | Found a blossoming altar of Fedhas.
   819 | D:2      | Found a shadowy altar of Dithmenos.
   830 | D:2      | Reached XP level 4. HP: 30/40 MP: 4/4
  1014 | D:2      | Found a burning altar of Makhleb.
  1014 | D:2      | Found a snail-covered altar of Cheibriados.
  1435 | D:2      | Found a hide-covered altar of Uskayaw.
  1788 | D:3      | Reached skill level 4 in Axes
  2114 | D:4      | Reached XP level 5. HP: 47/47 MP: 5/5
  2152 | D:4      | Reached skill level 5 in Axes
  2365 | D:4      | Reached XP level 6. HP: 41/53 MP: 6/6
  2396 | D:5      | Entered Level 5 of the Dungeon
  2487 | D:5      | Reached skill level 6 in Axes
  2555 | D:5      | Found a staircase to the Ecumenical Temple.
  2569 | D:5      | Reached skill level 1 in Dodging
  2623 | D:5      | Noticed Menkaure
  2629 | D:5      | Reached skill level 5 in Fighting
  2633 | D:5      | Killed Menkaure
  2633 | D:5      | Reached skill level 7 in Axes
  2633 | D:5      | Reached XP level 7. HP: 9/61 MP: 7/7
  2701 | D:5      | HP: 2/61 [something (3)]
  2701 | D:5      | Slain by a sky beast

Skill      XL: |  1  2  3  4  5  6 |
---------------+-------------------+-----
Axes           | 3 4 5 7 |  7.4
Fighting       | 4 5 |  5.1
Shields        | 4 |  4.2
Armour         | 4 |  4.4
Dodging        | 1 |  1.1
Stealth        | |  0.1

Action                   |  1- 3 |  4- 6 |  7- 9 || total
-------------------------+-------+-------+-------++-------
Melee: War axe           |   119 |   108 |    14 ||   241
  Use: Scroll            |     3 |    11 |       ||    14
       Potion            |       |     3 |     1 ||     4
  Eat: Royal jelly       |     1 |     1 |       ||     2
       Bread ration      |       |     1 |       ||     1
Armor: Scale mail        |    52 |    57 |    11 ||   120
Dodge: Dodged            |    48 |    37 |     1 ||    86
Block: Shield            |    60 |    55 |     3 ||   118
